 Dungeon Crawl Stone Soup version 0.27-a0-100-gf312352147 (webtiles) character file.

Game seed: 7876711391441499468

67 Volminster the Shield-Bearer (level 4, -5/40 HPs)
             Began as a Minotaur Fighter on Jan 21, 2021.
             Killed by nerve-wracking pain
             ... invoked by Grinder
              (10 damage)
             ... while paralysed by Grinder
             ... on level 3 of the Dungeon.
             The game lasted 00:02:27 (1366 turns).

Volminster the Shield-Bearer (Minotaur Fighter)     Turns: 1366, Time: 00:02:28

Health: -5/40      AC:  7    Str: 21    XL:     4   Next: 0%
Magic:  3/3        EV:  2    Int:  5    God:
Gold:   93         SH:  0    Dex: 10    Spells: 3/3 levels left

rFire    . . .     SeeInvis .   a - +0 war axe
rCold    . . .     Faith    .   c - +0 kite shield
rNeg     . . .     Spirit   .   b - +0 scale mail
rPois    .         Reflect  .   (helmet restricted)
rElec    .         Harm     .   (no cloak)
rCorr    .         Rampage  .   (no gloves)
Will     .....                  (no boots)
Stlth    ..........             (no amulet)
HPRegen  0.13/turn              (no ring)
MPRegen  0.08/turn              (no ring)

@: paralysed
A: retaliatory headbutt, horns 2
a: no special abilities


You were on level 3 of the Dungeon.
You visited 1 branch of the dungeon, and saw 3 of its levels.

You collected 93 gold pieces.

Inventory:

Hand Weapons
 a - a +0 war axe (weapon)
 l - a +0 hand axe
Armour
 b - a +0 scale mail (worn)
 c - a +0 kite shield (worn)
Jewellery
 i - an uncursed ring of resist corrosion {unknown}
Scrolls
 g - a scroll of amnesia {unknown}
 h - 3 scrolls of teleportation {unknown}
 m - a scroll of enchant weapon {unknown}
 o - 2 scrolls of identify {unknown}
Potions
 d - a potion of might
 e - a potion of heal wounds {unknown}
 f - a potion of berserk rage {unknown}
 j - 2 potions of haste {unknown}
 k - a potion of flight {unknown}
 n - a potion of curing {unknown}


   Skills:
 + Level 4.1 Fighting
 + Level 3.3 Axes
 + Level 4.2 Armour
 + Level 0.6 Dodging
 + Level 4.3 Shields


You had 3 spell levels left.
You didn't know any spells.
Your spell library was empty.

Dungeon Overview and Level Annotations

Branches:
Dungeon (3/15)

Altars:
Cheibriados
Dithmenos

Annotations:
D:3 Grinder


Innate Abilities, Weirdness & Mutations

You reflexively headbutt those who attack you in melee.
You have a pair of horns on your head.


Message History

Grinder is severely wounded.
Grinder barely misses you. Grinder gestures at you.
You barely resist. You closely miss Grinder.
Grinder is severely wounded.
Grinder hits you.
* * * LOW HITPOINT WARNING * * *
You writhe in agony.
* * * LOW HITPOINT WARNING * * *
You closely miss Grinder.
Grinder is severely wounded.
You block Grinder's attack. Grinder hits you but does no damage.
You completely miss Grinder.
Grinder is severely wounded.
Grinder gestures at you.
You suddenly lose the ability to move!
Grinder gestures at you. Pain shoots through your body!
You die...

.# ... #.# .... ..#
.... #..# ..... #..#
.....###..#
#.......)>#
#.####....# #.@..#
#5...# #### #....#
#..†
#....####+######.##
.....###............##
...... #.)..........##
...... #.......[....##
...... #............##
...... #............#.


You could see Grinder.

Vanquished Creatures
  An adder (D:2)
  An ooze (D:2)
  2 worms (D:2)
  A dart slug (D:1)
  A leopard gecko (D:1)
  7 giant cockroaches
  6 goblins
  3 hobgoblins
  3 jackals (D:1)
  5 kobolds
  5 bats
  6 rats
41 creatures vanquished.

Notes
Turn   | Place    | Note
-------+----------+-------------------------------------------
     0 | D:1      | Volminster the Minotaur Fighter began the quest for the
                  | Orb.
     0 | D:1      | Reached XP level 1. HP: 19/19 MP: 0/0
   237 | D:1      | Reached XP level 2. HP: 26/27 MP: 1/1
   627 | D:2      | Reached XP level 3. HP: 30/33 MP: 2/2
   924 | D:2      | Found a snail-covered altar of Cheibriados.
   980 | D:2      | Found a shadowy altar of Dithmenos.
  1346 | D:3      | Noticed Grinder
  1355 | D:3      | Reached XP level 4. HP: 31/40 MP: 3/3
  1365 | D:3      | Paralysed by Grinder for 7 turns
  1366 | D:3      | Killed from afar by Grinder

Illustrated notes

Levels and vault maps discovered:
D:1:      dpeg_arrival_windows_large_door, layout_loops_cross,
          chequers_serial_rivers_marsh
D:2:      layout_rooms, general_overflow_altar, marbit_many_paths,
          hangedman_feature_mirror
D:3:      minmay_spotlight, layout_basic, minivault_26, uniq_grinder

Skill      XL: |  1  2  3 |
---------------+----------+-----
Fighting       | 4 |  4.1
Shields        | 4 |  4.3
Armour         | 4 |  4.2
Axes           | 3 |  3.3
Dodging        | |  0.6

Action                   |  1- 3 |  4- 6 || total
-------------------------+-------+-------++-------
Melee: War axe           |    99 |     9 ||   108
       Headbutt          |     8 |     2 ||    10
Armor: Scale mail        |    51 |     1 ||    52
Dodge: Dodged            |    23 |     2 ||    25
Block: Kite shield       |    48 |     3 ||    51

Table legend: (Time is in decaauts)
 A = Elapsed time spent in this place.
 B = Non-inter-level travel time spent in this place.
 C = Inter-level travel time spent in this place.
 D = Time resting spent in this place.
 E = Time spent auto-exploring this place.
 F = Levels seen in this place.
 G = Mean time per level.
                   A        B        C        D        E       F      G
               +--------+--------+--------+--------+--------+-----+--------+
         Total |   1412 |   1363 |     49 |      0 |   1063 |   3 |  470.7 |
       Dungeon |   1412 |   1363 |     49 |      0 |   1063 |   3 |  470.7 |
               +--------+--------+--------+--------+--------+-----+--------+

Top non-repeatable levels by time:
     D:2: 693 daAuts
     D:1: 615 daAuts
     D:3: 103 daAuts
